[Event "Titled Tuesday Blitz August 16 Early 2022"]
[White "Bolanos, Fernando"]
[Black "Estrada Nieto, Julian"]
[WhiteFideId "3304094"]
[BlackFideId "5101018"]
[WhiteElo "2086"]
[BlackElo "2252"]
[Result "1-0"]
[Round "07"]
[TimeControl "180+2"]
[Date "2022.08.18"]
[WhiteClock "0:00:00"]
[BlackClock "0:00:00"]

1. e4 e5 2. Nf3 Nc6 3. Bc4 Bc5 4. c3 Nf6 5. d4 exd4 6. b4 Bb6 7. e5 d6 8. exf6 d5 9. b5 dxc4 10. bxc6 Qxf6 11. cxd4 O-O 12. O-O bxc6 13. Bg5 Qg6 14. Nc3 Bg4 15. Ne5 Qxg5 16. Qxg4 Qxg4 17. Nxg4 Bxd4 18. Rac1 Rab8 19. Ne2 Bb6 20. Rxc4 Rfe8 21. Nc3 f5 22. Ne3 Bxe3 23. fxe3 Rxe3 24. Rxc6 g6 25. Rxc7 Rb2 26. h3 Rc2 27. Nd5 Ree2 28. Rxc2 Rxc2 29. Nb4 Rb2 30. a3 a5 31. Nd5 Ra2 32. Rf3 Kf7 33. Nb6 Ke6 34. Rd3 g5 35. Nc4 a4 36. Nb6 f4 37. Nxa4 Ke5 38. Nc5 Rc2 39. Nb3 Ke4 40. Rd7 h5 41. a4 1-0


[Site "https://www.chess.com"]

[Event "Titled Tuesday Blitz August 16 Early 2022"]
[White "Borgaonkar Akshay"]
[Black "Kuznetsova, Olga"]
[WhiteFideId "25639110"]
[BlackFideId "4191323"]
[WhiteElo "1755"]
[BlackElo "2134"]
[Result "0-1"]
[Round "07"]
[TimeControl "180+2"]
[Date "2022.08.18"]
[WhiteClock "0:00:00"]
[BlackClock "0:00:00"]

1. d4 Nf6 2. Nc3 d5 3. Bf4 e6 4. e3 Bd6 5. Nf3 O-O 6. Ne5 c5 7. dxc5 Bxc5 8. Bd3 Nc6 9. O-O Bd7 10. Qf3 Rc8 11. Qh3 g6 12. Qh6 Nxe5 13. Bxe5 Re8 14. Qf4 Nh5 15. Qh6 Bf8 16. Qxh5 gxh5 17. f4 Bg7 18. Rf3 Bxe5 19. fxe5 Rxc3 20. bxc3 Qc7 21. Raf1 Re7 22. Rg3+ Kh8 23. Rg5 Qxc3 24. Rxh5 f5 25. exf6 Rf7 26. Bxh7 Qxe3+ 27. Kh1 Qe2 28. Bd3+ Qxh5 29. Rf3 Qg5 30. Rh3+ Kg8 31. Rg3 Qxg3 32. hxg3 Rxf6 33. Kg1 e5 34. g4 e4 35. Be2 Rf4 36. Kh2 Bxg4 37. Kg3 Bxe2 38. Kxf4 Bc4 39. a3 Kf7 40. Ke5 Kg6 41. Kf4 b5 42. Kg4 d4 43. Kf4 e3 44. Kf3 Bd5+ 45. Ke2 Bxg2 46. Kd3 Be4+ 47. Ke2 a5 48. c3 dxc3 49. Kxe3 c2 50. Kd2 Kf5 51. Kc1 b4 52. a4 Ke5 53. Kb2 Kd4 54. Kc1 Kc4 55. Kb2 b3 56. Kc1 Kb4 57. Kb2 Kxa4 58. Kc1 Kb4 59. Kb2 a4 60. Ka1 c1=Q# 0-1


[Site "https://www.chess.com"]

[Event "Titled Tuesday Blitz August 16 Early 2022"]
[White "Brodowski, Piotr"]
[Black "Bharath Subramaniyam H"]
[WhiteFideId "1124480"]
[BlackFideId "46634827"]
[WhiteElo "2312"]
[BlackElo "2346"]
[Result "0-1"]
[Round "07"]
[TimeControl "180+1"]
[Date "2022.08.16"]
[WhiteClock "0:01:05"]
[BlackClock "0:01:29"]

1. c4 e5 2. Nc3 Nc6 3. Nf3 f5 4. g3 Nf6 5. d4 e4 6. Ng5 Bb4 7. Nh3 d5 8. c5 b6 9. cxb6 axb6 10. Bg2 O-O 11. O-O Bxc3 12. bxc3 Ba6 13. Nf4 Qd7 14. h4 Bc4 15. Bh3 Bxa2 16. f3 Bc4 17. Rxa8 Rxa8 18. fxe4 Nxe4 19. Kh2 Nxc3 20. Qc2 Ne4 21. Nxd5 Qxd5 22. Rxf5 Nxd4 23. Qb1 Nxf5 0-1


[Site "https://www.chess.com"]

[Event "Titled Tuesday Blitz August 16 Early 2022"]
[White "Brozyna, Mateusz"]
[Black "Krsnik Cohar, Ivan Vihor"]
[WhiteFideId "21816140"]
[BlackFideId "14520044"]
[WhiteElo "2030"]
[BlackElo "2414"]
[Result "0-1"]
[Round "07"]
[TimeControl "180+2"]
[Date "2022.08.18"]
[WhiteClock "0:00:00"]
[BlackClock "0:00:00"]

1. e4 c5 2. Nf3 g6 3. c3 Bg7 4. d4 cxd4 5. cxd4 d5 6. e5 Bg4 7. Nbd2 Nc6 8. Bb5 Nh6 9. h3 Bxf3 10. Bxc6+ bxc6 11. Nxf3 O-O 12. O-O e6 13. Qc2 Rc8 14. b3 Nf5 15. Ba3 Re8 16. Bc5 f6 17. Rfe1 fxe5 18. Nxe5 Qc7 19. Re2 Bf8 20. Nd3 Bxc5 21. Qxc5 Qb6 22. Re5 Nxd4 23. Rae1 Rc7 24. h4 Rce7 25. h5 Qxc5 26. Nxc5 Kf7 27. hxg6+ hxg6 28. Rd1 Nf5 29. g4 Nh4 30. Rd3 Kf6 31. f4 Rg8 32. Rh3 g5 33. Nd3 Ng6 34. fxg5+ Kg7 35. Re2 e5 36. Reh2 e4 37. Rh7+ Kf8 38. Rxe7 Kxe7 39. Rh7+ Kd6 40. Nf2 Ne5 41. Rh6+ Kc5 42. Nh3 Nf3+ 43. Kf2 Nxg5 44. Nxg5 Rxg5 45. Kg3 d4 46. Kf4 Rg8 47. g5 e3 48. Rh2 Kd5 49. Rg2 Rf8+ 50. Kg4 Ke4 51. g6 d3 52. g7 Rg8 53. Kh5 e2 54. Rg1 d2 55. Rg4+ Kf3 56. Rd4 d1=Q 57. Rxd1 exd1=Q 58. Kh6 Qd7 59. Kh7 Qxg7# 0-1


[Site "https://www.chess.com"]

[Event "Titled Tuesday Blitz August 16 Early 2022"]
[White "Buscar, Michael"]
[Black "Clawitter, Craig"]
[WhiteFideId "2603616"]
[BlackFideId "2023105"]
[WhiteElo "2010"]
[BlackElo "2050"]
[Result "0-1"]
[Round "07"]
[TimeControl "180+2"]
[Date "2022.08.18"]
[WhiteClock "0:00:00"]
[BlackClock "0:00:00"]

1. Nf3 Nf6 2. b3 g6 3. Bb2 Bg7 4. e4 d6 5. Bc4 O-O 6. Qe2 c5 7. O-O Nc6 8. d4 Bg4 9. dxc5 dxc5 10. h3 Bxf3 11. Qxf3 Nd4 12. Qd1 Nxe4 13. c3 Nf5 14. Qc2 Ned6 15. Rd1 Qc7 16. Bf1 Rad8 17. Nd2 Rd7 18. Nc4 Rfd8 19. Nxd6 Rxd6 20. Rxd6 Rxd6 21. Rd1 h5 22. Ba3 Rxd1 23. Qxd1 Bxc3 24. Qc2 Bd4 25. b4 b6 26. bxc5 Bxc5 27. Qb3 Nd4 28. Qd3 Qe5 29. Bb2 Nf3+ 30. Qxf3 Qxb2 31. Qa8+ Kg7 32. Qf3 Qxa2 33. Qc3+ Kh7 34. Qf3 Qe6 35. Qf4 Kg7 36. Bc4 Qf6 37. Qd2 e6 38. Kf1 a5 39. f3 Bb4 40. Qc2 Qc3 41. Qa2 Qc1+ 42. Ke2 Qc3 43. Kd1 Ba3 44. Bb3 Qc1+ 45. Ke2 Qb2+ 46. Qxb2+ Bxb2 47. Kd3 b5 48. Bc2 Kf6 49. Bd1 Ke5 50. Be2 Kd5 51. Kc2 Kc5 52. Kxb2 b4 53. Kb3 Kd4 54. g4 Ke3 55. Bd1 Kf2 56. gxh5 gxh5 57. f4 h4 58. Bg4 f5 59. Bh5 Kg3 60. Bf7 Kxh3 61. Bxe6 Kg3 62. Bxf5 Kxf4 63. Be6 Ke5 64. Bh3 Kf4 65. Ka4 Kg3 66. Be6 h3 67. Kxa5 h2 68. Bd5 b3 69. Bxb3 h1=Q 70. Bc4 Qc6 71. Bb5 Qc7+ 72. Kb4 Kf4 73. Bc4 Ke5 74. Bd3 Kd6 75. Bb5 Qc5+ 76. Ka5 Qd4 77. Ka6 Kc5 78. Ka5 Qb4+ 79. Ka6 Qa3+ 80. Kb7 Kxb5 81. Kb8 Qe7 82. Kc8 Kb6 83. Kb8 Qb7# 0-1


[Site "https://www.chess.com"]

[Event "Titled Tuesday Blitz August 16 Early 2022"]
[White "Bykhovsky, Anatoly"]
[Black "Piesik, Piotr"]
[WhiteFideId "2806991"]
[BlackFideId "1136194"]
[WhiteElo "2540"]
[BlackElo "2221"]
[Result "1-0"]
[Round "07"]
[TimeControl "180+1"]
[Date "2022.08.16"]
[WhiteClock "0:01:04"]
[BlackClock "0:00:25"]

1. Nf3 g6 2. e4 Bg7 3. d4 c6 4. Nc3 d6 5. h3 Nf6 6. a4 O-O 7. Be2 Nbd7 8. Be3 e5 9. O-O Re8 10. dxe5 dxe5 11. Qd2 Qe7 12. Rfd1 Nc5 13. Bd3 Rd8 14. Qe2 Nxd3 15. cxd3 Nd7 16. a5 Nc5 17. b4 Nb3 18. Rab1 Nd4 19. Bxd4 exd4 20. Na4 Be6 21. Nc5 b6 22. Nxe6 Qxe6 23. Rdc1 Rdc8 24. Rc4 b5 25. Rc2 Qd7 26. Nd2 Bf8 27. e5 c5 28. Ne4 Qf5 29. bxc5 Qxe5 30. Rxb5 Rc6 31. Qf3 Rac8 32. Rb7 Qf5 33. Qxf5 gxf5 34. Ng3 a6 35. Nxf5 Rxc5 36. Rxc5 Rxc5 37. g4 Rxa5 38. Nxd4 Bc5 39. Nf5 f6 40. Rg7+ Kf8 41. Rxh7 Ra1+ 42. Kg2 a5 43. d4 Bb4 44. h4 a4 45. h5 a3 46. h6 Rc1 47. Ra7 Kg8 48. h7+ 1-0


[Site "https://www.chess.com"]

[Event "Titled Tuesday Blitz August 16 Early 2022"]
[White "Cannon, David"]
[Black "Pastar, Slaven"]
[WhiteFideId "3213110"]
[BlackFideId "14402718"]
[WhiteElo "1901"]
[BlackElo "2248"]
[Result "0-1"]
[Round "07"]
[TimeControl "180+2"]
[Date "2022.08.18"]
[WhiteClock "0:00:00"]
[BlackClock "0:00:00"]

1. d4 b6 2. e4 Bb7 3. Bd3 Nf6 4. Qe2 e6 5. f4 d5 6. e5 Ne4 7. Nd2 Qh4+ 8. g3 Nxg3 9. hxg3 Qxh1 10. Nf3 Nc6 11. c3 O-O-O 12. Be3 Qh5 13. O-O-O f5 14. Qg2 h6 15. Kc2 Be7 16. Ne2 g5 17. Rh1 Qg6 18. g4 Rhg8 19. Rh5 gxf4 20. Nxf4 Qxg4 21. Qf2 Qg3 22. Nxe6 Qxf2+ 23. Bxf2 Rg2 24. Rh2 Rdg8 25. Bxf5 Kb8 26. Bh3 Rxh2 27. Nxh2 Bc8 28. Kd3 Bxe6 29. Bxe6 Rg2 30. Ng4 Nd8 31. Ke2 Nxe6 32. Kf3 Rxg4 33. Kxg4 Kc8 34. Kf5 Kd7 35. Kg6 Bg5 36. b3 c5 37. c4 cxd4 38. cxd5 d3 39. Kf7 Nd8+ 40. Kf8 d2 41. e6+ Nxe6+ 42. dxe6+ Kxe6 0-1


[Site "https://www.chess.com"]

[Event "Titled Tuesday Blitz August 16 Early 2022"]
[White "Carrasco Miranda, Andres"]
[Black "Mirimanian, Hayk"]
[WhiteFideId "3405990"]
[BlackFideId "4700180"]
[WhiteElo "2177"]
[BlackElo "2280"]
[Result "0-1"]
[Round "07"]
[TimeControl "180+2"]
[Date "2022.08.18"]
[WhiteClock "0:00:00"]
[BlackClock "0:00:00"]

1. d4 Nf6 2. c4 e6 3. g3 d5 4. Bg2 Bb4+ 5. Nd2 a5 6. Nf3 dxc4 7. O-O b5 8. a4 c6 9. Ne5 Ra6 10. e3 O-O 11. Qc2 Rb6 12. Ne4 Nxe4 13. Bxe4 g6 14. Bg2 Qd6 15. Rd1 Nd7 16. Nf3 Qe7 17. Bd2 e5 18. Bxb4 axb4 19. axb5 cxb5 20. Ra7 Rb7 21. Nxe5 Nxe5 22. Bxb7 Nd3 23. Bxc8 Qxa7 24. Bh3 Qa2 25. Rd2 b3 26. Qc3 Qb1+ 27. Bf1 Ra8 28. Kg2 Ne1+ 29. Kh3 Nf3 30. Be2 Nxd2 31. Qxd2 Qc2 32. Qe1 Qxb2 33. Bf3 Rc8 34. d5 Qe5 35. e4 b2 36. Qb4 c3 37. d6 c2 38. d7 Qe6+ 39. Bg4 Qxd7 40. Bxd7 c1=Q 41. Bxc8 Qxc8+ 42. Kg2 Qc2 43. Qxb5 b1=Q 44. Qe8+ Kg7 45. Qe5+ Kf8 46. Qh8+ Ke7 47. Qe5+ Kd7 48. Qd5+ Kc8 49. Qa8+ Qb8 50. Qa6+ Qb7 0-1


[Site "https://www.chess.com"]

[Event "Titled Tuesday Blitz August 16 Early 2022"]
[White "Ciuffoletti, Paolo"]
[Black "Winkels, Marcel"]
[WhiteFideId "807630"]
[BlackFideId "1003887"]
[WhiteElo "2143"]
[BlackElo "1900"]
[Result "1-0"]
[Round "07"]
[TimeControl "180+2"]
[Date "2022.08.18"]
[WhiteClock "0:00:00"]
[BlackClock "0:00:00"]

1. e4 c5 2. d4 cxd4 3. c3 d5 4. exd5 Qxd5 5. cxd4 Nf6 6. Nf3 e6 7. Nc3 Qd8 8. Bd3 Be7 9. O-O O-O 10. Re1 Nc6 11. a3 b6 12. Bg5 Bb7 13. Rc1 Rc8 14. Bb1 Nd5 15. Qd3 g6 16. Bh6 Re8 17. Ba2 Nxc3 18. Rxc3 Na5 19. Ne5 Rxc3 20. Qxc3 Bd5 21. Bxd5 exd5 22. b4 Nb7 23. Nc6 Qd7 24. b5 Nd6 25. Qd3 Bf8 26. Rxe8 Qxe8 27. Be3 Qd7 28. a4 Nc4 29. h4 a6 30. h5 axb5 31. axb5 gxh5 32. Qd1 Qg4 33. f3 Qg6 34. Qb3 Qe6 35. Bf2 Bg7 36. Qa4 h6 37. Qa8+ Kh7 38. Qd8 Qf6 39. Ne7 Bf8 40. Qxf8 Qg5 41. Qxf7+ Kh8 42. Ng6+ 1-0


[Site "https://www.chess.com"]

[Event "Titled Tuesday Blitz August 16 Early 2022"]
[White "Costachi, Mihnea"]
[Black "Tifferet, Shaked"]
[WhiteFideId "1217518"]
[BlackFideId "2811529"]
[WhiteElo "2461"]
[BlackElo "2214"]
[Result "1-0"]
[Round "07"]
[TimeControl "180+2"]
[Date "2022.08.18"]
[WhiteClock "0:00:00"]
[BlackClock "0:00:00"]

1. e4 c5 2. Be2 b6 3. f4 Bb7 4. Nc3 Nf6 5. d3 d5 6. e5 d4 7. Bf3 Bxf3 8. Qxf3 Nbd7 9. Nb5 Rc8 10. exf6 a6 11. fxg7 Bxg7 12. Na3 e5 13. Nh3 Qh4+ 14. Qf2 Qh5 15. O-O Rg8 16. Nc4 Rc6 17. Nxe5 Bxe5 18. fxe5 Nxe5 19. Bf4 Rcg6 20. Bg3 Ng4 21. Qf5 Qh6 22. Qxf7+ Kd8 23. Qc7+ Ke8 24. Qb8+ Kd7 25. Qc7+ Ke8 26. Rae1+ Ne3 27. Qf7+ Kd8 28. Qc7+ Ke8 29. Rf7 1-0


[Site "https://www.chess.com"]

[Event "Titled Tuesday Blitz August 16 Early 2022"]
[White "Csonka, Balazs"]
[Black "So, Wesley"]
[WhiteFideId "742910"]
[BlackFideId "5202213"]
[WhiteElo "2404"]
[BlackElo "2763"]
[Result "0-1"]
[Round "07"]
[TimeControl "180+1"]
[Date "2022.08.16"]
[WhiteClock "0:00:02"]
[BlackClock "0:00:12"]

1. e4 c5 2. Nf3 d6 3. d4 cxd4 4. Nxd4 Nf6 5. Nc3 Nc6 6. f3 e5 7. Nb3 Be7 8. Be3 Be6 9. Qd2 d5 10. exd5 Nxd5 11. Nxd5 Qxd5 12. Qxd5 Bxd5 13. O-O-O O-O-O 14. Bb5 Kc7 15. Rd2 Be6 16. Rxd8 Rxd8 17. Rd1 Rxd1+ 18. Kxd1 b6 19. a4 f5 20. Nd2 Bf6 21. c3 Ne7 22. a5 Nd5 23. axb6+ axb6 24. Bf2 h5 25. h4 g6 26. Nc4 Nf4 27. Ne3 Be7 28. Bf1 Kc6 29. Kd2 Bc5 30. Ke1 b5 31. g3 Nd5 32. Nxd5 Bxd5 33. Bxc5 Kxc5 34. f4 e4 35. Kf2 Bc4 36. Bg2 Bd3 37. Ke3 Kc4 38. Kd2 Kb3 39. Kc1 Bc4 40. Bh3 Be2 41. Kd2 Bf3 42. Kc1 e3 0-1


[Site "https://www.chess.com"]

[Event "Titled Tuesday Blitz August 16 Early 2022"]
[White "Danielyan, Vahe"]
[Black "Manukian, Artak"]
[WhiteFideId "13304828"]
[BlackFideId "13301373"]
[WhiteElo "2421"]
[BlackElo "2196"]
[Result "1-0"]
[Round "07"]
[TimeControl "180+2"]
[Date "2022.08.18"]
[WhiteClock "0:00:00"]
[BlackClock "0:00:00"]

1. c4 Nf6 2. Nc3 g6 3. e4 Bg7 4. e5 Ng8 5. d4 c5 6. d5 Bxe5 7. Nf3 Bg7 8. h4 h5 9. Bd3 d6 10. Ng5 Nh6 11. Qc2 Bf5 12. Bd2 Na6 13. a3 O-O 14. O-O-O Nc7 15. f3 Bxd3 16. Qxd3 a6 17. g4 hxg4 18. h5 e5 19. hxg6 f5 20. Ne6 Nxe6 21. dxe6 gxf3 22. Rxh6 Bxh6 23. Bxh6 Qh4 24. Bd2 Kg7 25. Qxf3 Rf6 26. Rh1 Qg4 27. Qxb7+ Kxg6 28. Qh7# 1-0


[Site "https://www.chess.com"]

[Event "Titled Tuesday Blitz August 16 Early 2022"]
[White "Demchenko, Anton"]
[Black "Omelja, Artem"]
[WhiteFideId "4160258"]
[BlackFideId "14119846"]
[WhiteElo "2539"]
[BlackElo "2382"]
[Result "1-0"]
[Round "07"]
[TimeControl "180+2"]
[Date "2022.08.18"]
[WhiteClock "0:00:00"]
[BlackClock "0:00:00"]

1. e4 c5 2. Nf3 e6 3. g3 Nc6 4. Bg2 Nf6 5. Qe2 d6 6. O-O Be7 7. c3 e5 8. Rd1 O-O 9. d4 cxd4 10. cxd4 Nxd4 11. Nxd4 exd4 12. Rxd4 Qc7 13. Nc3 a6 14. Bf4 Be6 15. Rad1 Rfd8 16. Qd2 Ne8 17. Nd5 Bxd5 18. Rxd5 Rac8 19. Bh3 Rb8 20. Rd3 b5 21. Rc1 Qb7 22. Rdc3 Qxe4 23. Re1 Qb7 24. Bg2 Qa7 25. Bc6 Bf6 26. Rd3 Qb6 27. Bd5 Rbc8 28. h4 Nc7 29. Bb3 Ne8 30. h5 h6 31. Bxh6 gxh6 32. Qxh6 Bg7 33. Qg6 Rc4 34. Qg5 Qc5 35. Qxd8 Rc1 36. Qxe8+ Kh7 37. Rxc1 Qxc1+ 38. Rd1 1-0


[Site "https://www.chess.com"]

[Event "Titled Tuesday Blitz August 16 Early 2022"]
[White "Demidov, Mikhail"]
[Black "Subelj, Jan"]
[WhiteFideId "4197143"]
[BlackFideId "14618583"]
[WhiteElo "2525"]
[BlackElo "2331"]
[Result "1-0"]
[Round "07"]
[TimeControl "180+1"]
[Date "2022.08.16"]
[WhiteClock "0:00:47"]
[BlackClock "0:00:38"]

1. Nf3 Nf6 2. g3 d5 3. Bg2 Bf5 4. c4 e6 5. Qb3 Nc6 6. O-O Rb8 7. d4 h6 8. Nc3 Be7 9. Bf4 O-O 10. cxd5 Nxd5 11. Nxd5 exd5 12. Rfc1 Be4 13. Qd1 Bd6 14. Bxd6 Qxd6 15. e3 Ne7 16. Ne5 Bxg2 17. Kxg2 c6 18. Rab1 Ng6 19. Nd3 Rbe8 20. b4 a6 21. a4 Re7 22. b5 cxb5 23. axb5 a5 24. b6 Ra8 25. Qa4 h5 26. h4 Nxh4+ 27. Kf1 Nf3 28. Rb5 h4 29. gxh4 Nxh4 30. Rxa5 Rxa5 31. Qxa5 Qh2 32. Rc7 Qh1+ 33. Ke2 Qf3+ 34. Kd2 Re6 35. Rxb7 Qf6 36. Rb8+ Kh7 37. Qxd5 Nf3+ 38. Kd1 g6 39. Nf4 Nxd4 40. Qh1+ 1-0


[Site "https://www.chess.com"]

[Event "Titled Tuesday Blitz August 16 Early 2022"]
[White "Demin, Vladimir"]
[Black "Vlassov, Nikolai"]
[WhiteFideId "4167457"]
[BlackFideId "4103360"]
[WhiteElo "2483"]
[BlackElo "2324"]
[Result "0-1"]
[Round "07"]
[TimeControl "180+1"]
[Date "2022.08.16"]
[WhiteClock "0:00:08"]
[BlackClock "0:00:21"]

1. d4 Nf6 2. Nc3 d5 3. Bf4 g6 4. e3 c6 5. Be2 Qb6 6. Rb1 Bg7 7. h4 h5 8. Nf3 O-O 9. Ne5 Nbd7 10. f3 Nxe5 11. Bxe5 Bh6 12. Qd3 Nd7 13. Bh2 Re8 14. g4 hxg4 15. fxg4 e5 16. Bg1 exd4 17. exd4 Bf4 18. g5 Nf8 19. h5 Bf5 20. Qf3 Qc7 21. hxg6 fxg6 22. Kf1 Ne6 23. Bd3 Rf8 24. Bxf5 Rxf5 25. Qh3 Bxg5+ 26. Ke1 Qg7 27. Ne2 Re8 28. Kd1 Nf4 29. Nxf4 Rxf4 30. c3 Rh4 31. Qg2 Rxh1 32. Qxh1 Qf6 33. Kc2 Qf5+ 34. Kb3 Qxb1 35. Qg2 Qd1+ 36. Ka3 Be7+ 37. b4 Qd3 38. Kb3 a5 39. a3 Kf7 40. Bh2 a4+ 41. Kxa4 Qc4 0-1


[Site "https://www.chess.com"]

[Event "Titled Tuesday Blitz August 16 Early 2022"]
[White "Diaz Perez, Michel Alejandro"]
[Black "Mika, Tomasz"]
[WhiteFideId "3517179"]
[BlackFideId "1132970"]
[WhiteElo "2313"]
[BlackElo "2126"]
[Result "0-1"]
[Round "07"]
[TimeControl "180+2"]
[Date "2022.08.18"]
[WhiteClock "0:00:00"]
[BlackClock "0:00:00"]

1. d4 Nf6 2. Nf3 g6 3. Bg5 Bg7 4. Nc3 O-O 5. e4 d6 6. Qd2 c5 7. d5 Qa5 8. Be2 b5 9. Nxb5 Qb6 10. Bxf6 Bxf6 11. c3 Ba6 12. a4 Nd7 13. O-O Rac8 14. a5 Qb7 15. Na3 Bxe2 16. Qxe2 c4 17. Rab1 Rc5 18. Nxc4 Qb5 19. Nfd2 Rfc8 20. Qg4 h5 21. Qh3 Rxc4 22. Nxc4 Rxc4 23. Rfe1 Ne5 24. f4 Ng4 25. Qf3 Qc5+ 26. Kh1 Nf2+ 27. Kg1 Nd3+ 28. Kf1 Nxe1 29. Rxe1 Qxa5 30. e5 Bg7 31. exd6 exd6 32. f5 Qb5 33. Kg1 Qb6+ 34. Kh1 Qxb2 35. fxg6 fxg6 36. h3 Kh7 37. Re7 Qxc3 38. Qxc3 Rxc3 39. Rxa7 Rc5 40. Rd7 Rxd5 41. g4 hxg4 42. hxg4 Kh6 43. Kg2 Be5 44. Kf3 Kg5 45. Ke4 Rd4+ 46. Ke3 Rxg4 47. Kf3 Rd4 48. Rd8 Kf6 49. Rf8+ Kg7 50. Ra8 g5 51. Ra7+ Kf6 52. Ra8 g4+ 53. Ke3 g3 54. Kf3 Ke6 55. Ra3 Kd5 56. Ra5+ Kc4 57. Ra4+ Kb3 58. Ra8 Rd3+ 59. Kg2 Rd2+ 60. Kf3 g2 61. Rg8 Kc3 62. Rc8+ Kd3 63. Rg8 Bd4 64. Rxg2 Rxg2 65. Kxg2 Ke2 66. Kg3 Be3 67. Kg4 d5 68. Kf5 d4 69. Ke4 d3 0-1


[Site "https://www.chess.com"]

[Event "Titled Tuesday Blitz August 16 Early 2022"]
[White "Djokic, Mihailo"]
[Black "Karaev, Seit-Amet"]
[WhiteFideId "976440"]
[BlackFideId "4169549"]
[WhiteElo "2246"]
[BlackElo "2272"]
[Result "1-0"]
[Round "07"]
[TimeControl "180+1"]
[Date "2022.08.16"]
[WhiteClock "0:00:32"]
[BlackClock "0:01:17"]

1. e4 Nf6 2. e5 Nd5 3. c4 Nb6 4. d4 d6 5. exd6 cxd6 6. Nc3 g6 7. Be3 Bg7 8. b3 O-O 9. Rc1 Nc6 10. d5 Ne5 11. Be2 h5 12. f4 Ng4 13. Bd4 e5 14. dxe6 Bxe6 15. Nf3 d5 16. c5 Nd7 17. Bxg7 Kxg7 18. h3 Nh6 19. Nxd5 Nf5 20. O-O Nf6 21. Nxf6 Qxf6 22. Qd2 Rad8 23. Qc3 Ng3 24. Qxf6+ Kxf6 25. Rfe1 Bd5 26. Ne5 Bc6 27. Nxc6 bxc6 28. Bf3 Rd2 29. a3 Rfd8 30. Rcd1 h4 31. Rxd2 Rxd2 32. Bxc6 Rc2 33. b4 Ne2+ 34. Kh2 Nxf4 35. Bf3 Nd3 36. Re2 Rc3 37. Re3 Rxa3 38. c6 Rc3 39. b5 g5 40. Be2 g4 41. hxg4 1-0


[Site "https://www.chess.com"]

[Event "Titled Tuesday Blitz August 16 Early 2022"]
[White "Dushyant Sharma"]
[Black "Acosta Cruz, Oscar Yosimar"]
[WhiteFideId "25065130"]
[BlackFideId "5111269"]
[WhiteElo "2406"]
[BlackElo "2098"]
[Result "0-1"]
[Round "07"]
[TimeControl "180+2"]
[Date "2022.08.18"]
[WhiteClock "0:00:00"]
[BlackClock "0:00:00"]

1. e4 e5 2. Nf3 Nf6 3. Nc3 Bb4 4. Bc4 O-O 5. O-O Bxc3 6. bxc3 d6 7. d3 Nbd7 8. Bg5 h6 9. Bh4 Re8 10. Rb1 Nf8 11. Bg3 b6 12. Nh4 Be6 13. Bxe6 Nxe6 14. Nf5 Qd7 15. Bh4 Nh7 16. Qg4 f6 17. Nxh6+ Kh8 18. Nf5 Nf4 19. Ng3 Qxg4 0-1


[Site "https://www.chess.com"]

[Event "Titled Tuesday Blitz August 16 Early 2022"]
[White "Eynullayev, Altay"]
[Black "Pham, Khoi"]
[WhiteFideId "13413562"]
[BlackFideId "1054988"]
[WhiteElo "2079"]
[BlackElo "2376"]
[Result "1-0"]
[Round "07"]
[TimeControl "180+2"]
[Date "2022.08.18"]
[WhiteClock "0:00:00"]
[BlackClock "0:00:00"]

1. e4 c6 2. d4 d5 3. e5 c5 4. dxc5 e6 5. Nf3 Bxc5 6. a3 Qb6 7. Qd2 Nc6 8. b4 Be7 9. Bd3 Nh6 10. O-O O-O 11. Bb2 f6 12. exf6 Bxf6 13. Bxf6 Rxf6 14. Nc3 Bd7 15. Na4 Qc7 16. Nc5 Raf8 17. Ng5 Ng4 18. f4 h6 19. Nxd7 Qxd7 20. Nh7 Qc7 21. Nxf6+ Rxf6 22. g3 Qb6+ 23. Kg2 Ne3+ 24. Kh1 Nxf1 25. Rxf1 e5 26. fxe5 Nxe5 27. Rxf6 Qxf6 28. Bb5 Qf3+ 29. Qg2 Qd1+ 30. Bf1 Nc4 31. Kg1 Ne3 32. Qe2 Qxe2 33. Bxe2 Nxc2 34. Kf2 Nxa3 35. Bd3 b5 36. Ke3 Kf7 37. Kd4 Ke6 38. Kc5 Ke5 39. h4 Nc4 40. Kxb5 Kd4 41. Bh7 Kc3 42. Bg8 Ne3 43. Ka6 d4 44. b5 Nf5 45. Kxa7 Nd6 46. b6 d3 47. Be6 d2 48. Bg4 Kc2 49. Kb8 d1=Q 50. Bxd1+ Kxd1 51. Kc7 Nb5+ 52. Kc6 Nd4+ 53. Kd5 Nb5 54. Kc5 Nc3 55. b7 Ne4+ 56. Kd5 Nf6+ 57. Ke6 1-0


[Site "https://www.chess.com"]

[Event "Titled Tuesday Blitz August 16 Early 2022"]
[White "Eynullayev, Atilla"]
[Black "Begunov, Konstantin"]
[WhiteFideId "13413570"]
[BlackFideId "4118510"]
[WhiteElo "1936"]
[BlackElo "2262"]
[Result "0-1"]
[Round "07"]
[TimeControl "180+2"]
[Date "2022.08.18"]
[WhiteClock "0:00:00"]
[BlackClock "0:00:00"]

1. d4 d5 2. c4 c6 3. cxd5 cxd5 4. Nc3 Nf6 5. Nf3 Nc6 6. Bf4 a6 7. e3 Bg4 8. Be2 e6 9. O-O Bd6 10. Bxd6 Qxd6 11. Na4 Ne4 12. Rc1 O-O 13. Qb3 Bxf3 14. gxf3 Nd2 15. Qxb7 Na5 16. Qb6 Qxb6 17. Nxb6 Rab8 18. Rfd1 Nxf3+ 19. Bxf3 Rxb6 20. b3 Nc6 21. Rc5 g6 22. Be2 Rfb8 23. Rdc1 Ne7 24. Ra5 Nc6 25. Rac5 Ne7 26. Kf1 Nf5 27. Ke1 Nd6 28. f3 Nf5 29. Kd2 Kg7 30. Ra5 Kf6 31. Rc7 h5 32. Rc2 g5 33. Rxa6 Rxa6 34. Bxa6 Ra8 35. Bd3 g4 36. fxg4 hxg4 37. a4 Rh8 38. Bxf5 Rxh2+ 39. Ke1 Rh1+ 40. Kf2 Kxf5 41. Kg2 Rb1 42. Rf2+ Ke4 43. Rxf7 Rxb3 44. Re7 Kxe3 45. Rxe6+ Kxd4 46. Rg6 Ke3 47. Rxg4 d4 48. a5 Ra3 49. Rg5 d3 50. Re5+ Kd4 51. Re8 Rxa5 52. Kf2 Kc3 53. Ke3 Rc5 54. Re7 Rc8 55. Rd7 Re8+ 56. Kf2 Kd2 57. Rd5 Kc2 58. Rc5+ Kd1 59. Rc7 d2 60. Rc6 Re4 61. Rc7 Rf4+ 62. Ke3 Rh4 63. Rd7 Rh2 64. Rc7 Ke1 65. Rg7 Re2+ 66. Kf3 d1=Q 67. Rg1+ Kd2 68. Rg4 Qf1+ 69. Kg3 Rg2+ 70. Kh4 Rxg4+ 71. Kxg4 Qf6 72. Kg3 Qf5 73. Kg2 Qf4 74. Kh3 Qg5 75. Kh2 Ke2 76. Kh1 Kf2 77. Kh2 Qg2# 0-1


[Site "https://www.chess.com"]

[Event "Titled Tuesday Blitz August 16 Early 2022"]
[White "Fawzy, Adham"]
[Black "Lazavik, Denis"]
[WhiteFideId "10613129"]
[BlackFideId "13515110"]
[WhiteElo "2541"]
[BlackElo "2437"]
[Result "1/2-1/2"]
[Round "07"]
[TimeControl "180+1"]
[Date "2022.08.16"]
[WhiteClock "0:00:06"]
[BlackClock "0:00:02"]

1. e4 c5 2. c4 Nc6 3. Nc3 g6 4. g3 Bg7 5. Bg2 d6 6. Nge2 Nf6 7. O-O O-O 8. d3 Rb8 9. a3 a6 10. Rb1 b5 11. cxb5 axb5 12. b4 cxb4 13. axb4 Bg4 14. Be3 d5 15. exd5 Ne5 16. Qb3 Qd7 17. Nd4 Rfc8 18. Bf4 Rxc3 19. Qxc3 Nxd5 20. Qd2 Nxf4 21. Qxf4 Rd8 22. Nc6 Nxc6 23. Bxc6 Qxc6 24. Qxg4 Rd4 25. Qe2 Bf6 26. Rfc1 Qd7 27. Rc3 Kg7 28. Qc2 h5 29. Rc7 Qg4 30. Qd1 Rxb4 31. Rc5 Bd4 32. Rc2 Rxb1 33. Qxb1 b4 34. Rc4 e5 35. Rxb4 h4 36. Rxd4 exd4 37. Qf1 h3 38. f3 Qc8 39. Qe2 Qc1+ 40. Qf1 Qe3+ 41. Kh1 Qd2 42. f4 f5 43. Qxh3 Qxd3 44. Qh4 Qe4+ 45. Kg1 d3 46. Qd8 Qe3+ 47. Kg2 Qe2+ 48. Kh3 d2 49. Qd7+ Kh6 50. Qd8 Qg4+ 51. Kg2 Qe2+ 52. Kh3 Kg7 53. Qd7+ Kg8 54. Qd8+ Kh7 55. Qd7+ Kh6 56. Qd8 1/2-1/2


[Site "https://www.chess.com"]

[Event "Titled Tuesday Blitz August 16 Early 2022"]
[White "Fernandez Siles, Luis"]
[Black "Kuchava, Ana"]
[WhiteFideId "2209420"]
[BlackFideId "13605348"]
[WhiteElo "2220"]
[BlackElo "2101"]
[Result "1-0"]
[Round "07"]
[TimeControl "180+2"]
[Date "2022.08.18"]
[WhiteClock "0:00:00"]
[BlackClock "0:00:00"]

1. d4 d5 2. c4 e6 3. Nc3 Be7 4. Nf3 Nf6 5. Bf4 c5 6. cxd5 Nxd5 7. Nxd5 exd5 8. g3 Nc6 9. Bg2 O-O 10. O-O c4 11. Ne5 Nxe5 12. Bxe5 Be6 13. e4 dxe4 14. Bxe4 Bd5 15. Qg4 Bxe4 16. Qxg7# 1-0


[Site "https://www.chess.com"]